 Dungeon Crawl Stone Soup version 0.28.0-53-g5a82cb258f (webtiles) character file.

Game seed: 13290279042220928146

80 NotreDorf the Poker (level 4, 0/35 HPs)
             Began as a Merfolk Gladiator on Aug 4, 2022.
             Slain by a ball python (1 damage)
             ... on level 2 of the Dungeon.
             The game lasted 00:03:03 (931 turns).

NotreDorf the Poker (Merfolk Gladiator)              Turns: 931, Time: 00:03:03

Health: 0/35       AC:  5    Str: 14    XL:     4   Next: 39%
Magic:  4/4        EV: 13    Int:  9    God:
Gold:   55         SH:  0    Dex: 15    Spells: 3/3 levels left

rFire   . . .      SeeInvis .   a - +0 trident
rCold   . . .      Faith    .   (no shield)
rNeg    . . .      Spirit   .   b - +0 leather armour
rPois   .          Reflect  .   c - +0 helmet
rElec   .          Harm     .   i - +0 cloak
rCorr   .          Rampage  .   (no gloves)
Will    .....                   (no boots)
Stlth   ++........              (no amulet)
HPRegen 0.11/turn               (no ring)
MPRegen 0.09/turn               (no ring)

@: no status effects
A: (nimble swimmer 2), mertail
a: no special abilities


You were on level 2 of the Dungeon.
You visited 1 branch of the dungeon, and saw 2 of its levels.

You collected 55 gold pieces.

Inventory:

Hand Weapons
 a - a +0 trident (weapon)
Missiles
 d - 3 throwing nets (quivered)
 g - 6 poisoned darts
 k - 5 boomerangs
Armour
 b - a +0 leather armour (worn)
 c - a +0 helmet (worn)
 i - a +0 cloak (worn)
Scrolls
 f - 3 scrolls of identify {unknown}
 h - 2 scrolls of enchant weapon {unknown}
Potions
 e - a potion of flight {unknown}
 j - a potion of haste {unknown}


   Skills:
 + Level 3.1 Fighting
 + Level 5.2 Polearms
 - Level 2.0 Throwing
 + Level 4.8 Dodging
 + Level 2.1 Stealth


You had 3 spell levels left.
You didn't know any spells.
Your spell library was empty.

Dungeon Overview and Level Annotations

Branches:
Dungeon (2/15)

Altars:


Innate Abilities, Weirdness & Mutations

((You are very nimble when in or above water. (Stealth+, EV+, Speed+++)))
Your lower body shifts to a powerful aquatic tail in water.


Message History

You hit the ball python.
The ball python is heavily wounded.
The ball python closely misses you. The ball python barely misses you.
The ball python closely misses you. The ball python grabs you.
The ball python constricts you.
You escape the ball python's grasp.
You see here a hobgoblin corpse.
There is a stone staircase leading up here.
The ball python bites you. The ball python grabs you.
You stop ascending the stairs.
The ball python constricts you.
Unknown command.
You barely miss the ball python.
The ball python is heavily wounded.
The ball python bites you but does no damage.
The ball python constricts you.
The gnoll hits you from afar with a +0 halberd.
* * * LOW HITPOINT WARNING * * *
You closely miss the ball python.
The ball python is heavily wounded.
The ball python bites you but does no damage.
The ball python constricts you.
* * * LOW HITPOINT WARNING * * *
The gnoll hits you from afar with a +0 halberd.
* * * LOW HITPOINT WARNING * * *
The ball python bites you.
* * * LOW HITPOINT WARNING * * *
The ball python constricts you.
You barely miss the ball python.
The ball python is heavily wounded.
The gnoll misses you. The ball python bites you.
* * * LOW HITPOINT WARNING * * *
The ball python constricts you.
* * * LOW HITPOINT WARNING * * *
You closely miss the ball python.
The ball python is heavily wounded.
The gnoll closely misses you. The ball python closely misses you.
The ball python constricts you.
You escape the ball python's grasp.
The gnoll closely misses you. The ball python bites you.
You die...

###...........# #.
#.............# #.
###.##..........+ +.
..#.##..........# #.
#.#...........######.
#.#.........>.)...)..
#.#gr.r[......#######
#.#S######.##.#######
###.#<@....#.##........
#........<.#.#.........
.#......###.#.#.........
#.....†......#.#...).....
###.......##.#.#.....####
#.......#.######.....
#.......### ######.
#........ . ##.......#


You could see a gnoll and a ball python.

Vanquished Creatures
  4 gnolls
  2 dart slugs (D:1)
  An endoplasm (D:1)
  2 giant cockroaches
  2 goblins (D:1)
  5 hobgoblins
  5 jackals (D:1)
  5 ball pythons
  2 bats
  4 frilled lizards (D:1)
  3 kobolds (D:1)
  3 rats (D:1)
38 creatures vanquished.

Notes
Turn   | Place    | Note
-------+----------+-------------------------------------------
     0 | D:1      | NotreDorf the Merfolk Gladiator began the quest for the
                  | Orb.
     0 | D:1      | Reached XP level 1. HP: 16/16 MP: 1/1
   119 | D:1      | Reached XP level 2. HP: 20/23 MP: 2/2
   201 | D:1      | Reached skill level 1 in Stealth
   216 | D:1      | Found a faded altar of an unknown god.
   333 | D:1      | Reached XP level 3. HP: 18/28 MP: 3/3
   621 | D:1      | Reached skill level 5 in Polearms
   880 | D:2      | Reached XP level 4. HP: 34/34 MP: 4/4
   929 | D:2      | HP: 1/35 [constriction (1)]
   931 | D:2      | Slain by a ball python

Illustrated notes

Levels and vault maps discovered:
D:1:      amcnicky_arrival_choice, layout_rooms,
          chequers_ecumenical_altar_simple, supply_closet_lemuel,
          minmay_strange_pillars, minmay_circled_x
D:2:      minmay_spotlight, layout_basic, nrook_mini_vaults, minmay_lizard_king

Skill      XL: |  1  2  3  4 |
---------------+-------------+-----
Stealth        | 1 2 |  2.1
Polearms       | 5 |  5.2
Fighting       | 3 |  3.1
Throwing       | |  2.0
Dodging        | |  4.8

Action                   |  1- 3 |  4- 6 || total
-------------------------+-------+-------++-------
Melee: Trident           |   108 |    19 ||   127
 Stab: Distracted        |     1 |       ||     1
       Sleeping          |     1 |       ||     1
Armor: Leather armour    |    16 |     3 ||    19
Dodge: Dodged            |    62 |    15 ||    77
